Description

Very Standard 3 Gate Blink Robo opener.

Replay - PvT (For Berries)

Build Order

Get SALT Encoding   

  12  0:00  Probe  
  13  0:12  Probe  
  14  0:16  Pylon  
  14  0:25  Probe  
  15  0:33  Probe  
  15  0:40  Gateway  
  15  0:41  Probe  
  16  0:48  Assimilator  
  17  0:53  Probe  
  18  1:05  Probe  
  19  1:17  Probe  
  20  1:29  Probe, Cybernetics Core  
  21  1:38  Nexus  
  21  1:42  Pylon  
  21  1:45  Probe  
  22  1:51  Assimilator  
  22  1:57  Adept  
  23  2:08  Warp Gate  
  27  2:25  Twilight Council  
  27  2:31  Stalker  
  30  2:38  Blink  
  37  3:14  Stalker  
  37  3:16  Gateway  
  41  3:31  Robotics Facility  
  44  3:44  Gateway  
  45  3:48  Pylon  
  46  4:09  Nexus  
  48  4:10  Pylon  
  48  4:18  Observer  
  48  4:22  Assimilator  
  52  4:34  Stalker x2  
  52  4:36  Observer  
  58  4:42  Stalker  
  61  4:50  Pylon  
  62  4:55  Charge  
  62  5:01  Gateway x2  
  62  5:07  Gateway x3  
  62  5:11  Forge  
  62  5:13  Stalker  
  64  5:15  Sentry  
  64  5:20  Observer  
  69  5:25  Protoss Ground Armor Level 1  
  74  5:48  Stalker x3  
  82  5:56  Stalker  
  87  6:06  Zealot x3  
  94  6:19  Zealot x5  
  104  6:38  Zealot x2  
  108  6:45  Nexus  
  120  7:00  Robotics Bay  
  120  7:04  Robotics Facility  
  120  7:05  Assimilator  
  123  7:11  Protoss Ground Armor Level 2  
  123  7:13  Forge  
  123  7:19  Sentry  
  131  7:37  Protoss Ground Weapons Level 1  
  131  7:38  Colossus  
  149  7:47  Colossus  
  155  8:04  Extended Thermal Lance  
  175  8:22  Colossus  
  189  8:43  Gateway x2  
  189  8:51  Disruptor  
  195  9:00  Assimilator x2  
  195  9:20  Nexus  
  195  9:21  Disruptor x2  
Spawning Tool Build Advisor. Get it on Overwolf

Go to:

Details

  • Created by: Killasuka
  • Published on: May 22, 2025
  • Modified on: May 22, 2025
  • Patch: 5.0.11
  • Difficulty: Medium
Show
View Real Time Build Order
Export as new Build Order

Comments (0)

There are no comments. Be the first!

Create an account to comment!